 Dungeon Crawl Stone Soup version 0.30.0-18-gc0e69614cb (webtiles) character file.

Game seed: 8240650527232410927

1891 unlimited1921 the Thaumaturge (level 9, -3/55 HPs)
             Began as a Djinni Fire Elementalist on May 26, 2023.
             Shot with a bolt by an orc warrior (9 damage)
             ... in a bailey.
             The game lasted 00:25:05 (10051 turns).

unlimited1921 the Thaumaturge (DjFE)               Turns: 10051, Time: 00:25:10

Health: -3/55      AC:  4    Str: 10    XL:     9   Next: 37%
Gold:   152        EV: 13    Int: 20    God:
                   SH:  0    Dex: 15

rFire   + + .        B - +0 arbalest
rCold   x . .        (shield currently unavailable)
rNeg    . . .        a - +0 robe
rPois   ∞            x - +1 helmet
rElec   .            (no cloak)
rCorr   +            (no gloves)
SInv    +            (boots unavailable)
Will    .....        (no amulet)
Stlth   ++           r - ring "Potedauw" {Fly rCorr Str+3 SInv}
HPRegen 0.29/turn    (no ring)
MPRegen 0.00/turn

%: infuse magic (-4 HP)
@: flying
A: sickness immunity, fire resistance 2, cold vulnerability 1, float, innate
caster, HP casting, extra vitality 1
a: no special abilities


You were in a bailey.
You visited 1 branch of the dungeon, and saw 7 of its levels.
You also visited: Bailey.

You collected 313 gold pieces.
You spent 161 gold pieces at shops.

Inventory:

Hand Weapons
 m - a +3 dagger
 s - a +0 glaive
 B - a +0 arbalest (weapon)
 C - a +0 arbalest
Missiles
 l - 6 poisoned darts
 w - 5 atropa-tipped darts
Armour
 a - a +0 robe (worn)
 b - an orb of wrath
 e - a +0 leather armour
 x - a +1 helmet (worn)
Jewellery
 r - the ring "Potedauw" (left hand) {Fly rCorr Str+3 SInv}
   (You found it on level 4 of the Dungeon)

   [ring of see invisible]

   Str:       It affects your strength (+3).
   SInv:      It lets you see invisible.
   Fly:       It grants you flight.
   rCorr:     It protects you from acid and corrosion.
 u - a ring of ice
 y - a ring of fire
Scrolls
 c - 4 scrolls of teleportation
 k - a scroll of poison
 n - 2 scrolls of enchant weapon {unknown}
 o - 2 scrolls of blinking
 q - a scroll of magic mapping
 v - a scroll of brand weapon {unknown}
 A - a scroll of identify
Potions
 d - 2 potions of resistance {unknown}
 f - 2 potions of heal wounds
 g - a potion of berserk rage
 h - a potion of haste
 i - a potion of lignification
 j - 3 potions of brilliance {unknown}
 p - 2 potions of curing {unknown}
 t - 2 potions of magic {unknown}
 z - a potion of mutation {unknown}


   Skills:
 + Level 0.2 Fighting
 + Level 0.1 Ranged Weapons
 + Level 2.8 Dodging
 + Level 3.5 Stealth
 + Level 8.8 Spellcasting


You knew the following spells:

 Your Spells              Type           Power      Damage    Failure   Level
a - Foxfire               Conj/Fire      100%       2x1d9     1%          1
b - Scorch                Fire           88%        2d8       1%          2
c - Volatile Blastmotes   Fire/Tloc      88%        2d17      1%          3
d - Inner Flame           Hex/Fire       44%        N/A       1%          3
e - Flame Wave            Conj/Fire      44%        2d11      1%          4
f - Slow                  Hex            100%       N/A       1%          1
g - Momentum Strike       Conj/Tloc      88%        3d10      1%          2
h - Searing Ray           Conj           88%        2d7       1%          2
i - Animate Armour        Summ/Erth      88%        N/A       1%          4
Your spell library was empty.

Dungeon Overview and Level Annotations

Branches:
Dungeon (7/15)             Temple (0/1) D:5          Bailey (1/1)

Altars:
Cheibriados
Fedhas
Hepliaklqana
Nemelex Xobeh

Shops:
D:4 ?

Annotations:
D:4 1 runed translucent door, Crazy Yiuf


Innate Abilities, Weirdness & Mutations

You are immune to sickness and miasma.
You are immune to poison.
Your flesh is very heat resistant. (rF++)
You are vulnerable to cold. (rC-)
You float through the air rather than walking.
You learn spells naturally, not from books.
Your magical power is your life essence.
You have superior vitality. (+4 MHP)


Message History

You hear a splash. x2
The orc explodes!
You start resting.
HP restored.
Things that are here:
a +0 arbalest; a +0 ring mail
Things that are here:
a +0 arbalest; a +0 scale mail
Found a gate leading back out of this place.
Found a gate leading back out of this place.
An orc warrior comes into view. It is wielding a +0 arbalest.
The orc warrior shouts!
The orc warrior shoots a bolt.
The bolt misses you.
Casting: Inner Flame (safe; 1% risk of failure)
Confirm with . or Enter, or press ? or * to list all spells.
Aiming: Inner Flame (safe; 1% risk of failure)
Press: ? - help, Dir - move target, f - orc warrior
Aim: an orc warrior, wielding a +0 arbalest and wearing a +0 scale mail (chance to affect: 91%)
The orc warrior is filled with an inner flame.
An orc warrior comes into view. It is wielding a +0 arbalest.
The orc warrior shoots a bolt.
The bolt barely misses you.
The orc warrior shouts!
You shoot a bolt.
The bolt closely misses the orc warrior.
The orc warrior shoots a bolt.
The bolt hits you!
The orc warrior shoots a bolt.
The bolt misses you.
The orc warrior shoots a bolt.
The bolt closely misses you.
You shoot a bolt. The bolt barely misses the orc warrior.
The orc warrior shoots a bolt.
The bolt hits you!
The orc warrior shoots a bolt.
The bolt hits you!
* * * LOW HITPOINT WARNING * * *
The orc warrior shoots a bolt.
The bolt closely misses you.
The orc warrior shoots a bolt.
The bolt barely misses you.
Casting: Inner Flame (safe; 1% risk of failure)
Confirm with . or Enter, or press ? or * to list all spells.
* * * LOW HITPOINT WARNING * * *
The orc warrior shoots a bolt.
The bolt hits you.
* * * LOW HITPOINT WARNING * * *
The orc warrior shoots a bolt.
The bolt hits you!
You die...

~~~~~ #.....≈# ...
~~ ~~~~~
#.....≈##oo ≈~~
~~~~~
#.....≈≈#.##≈~~
##~~
#.....~≈≈~≈≈≈~~
#####
#.....~~~~~~~~~
~~~~
#.....~~~~~~~~# #~
#.....~~~~~~~~# #
#.....~@[~~~~# ##
#.....~~~~~~~# #.
#.....~~~~~~~# ##
#.....~~~~~~~# #.
#.....~~~~~~~## ##
#.....~~~~~~~~# #
#.....~~~~~~~~## #
#.....~~~~~~~~~##
#
#.....~≈≈~≈≈≈~~~##
#


You could see 2 orc warriors and a friendly animated robe (summoned).

Vanquished Creatures
  Sigmund (D:2)
  An ice beast (D:5)
  A black bear (D:7)
  3 orc warriors (Bailey)
  2 sky beasts
  2 ogres
  A centaur (D:6)
  A phantom (D:6)
  A bullfrog (D:6)
  A scorpion (D:5)
  2 orc priests (D:6)
  2 hounds (D:4)
  4 jellies
  2 sleepcaps
  3 iguanas
  2 orc wizards
  11 adders
  3 shadow imps
  An ufetubus (D:5)
  A worm (D:3)
  A dart slug (D:2)
  19 orcs
  7 ball pythons
  9 endoplasms
  A giant cockroach (D:1)
  11 goblins
  5 hobgoblins
  2 quokkas
  4 bats
  A frilled lizard (D:3)
  7 kobolds
  5 rats
117 creatures vanquished.

Vanquished Creatures (others)
  A scorpion (D:6)
  A shadow imp (D:6)
  441 foxfires
443 creatures vanquished.

Grand Total: 560 creatures vanquished

Notes
Turn   | Place    | Note
-------+----------+-------------------------------------------
     0 | D:1      | unlimited1921 the Djinni Fire Elementalist began the quest
                  | for the Orb.
     0 | D:1      | unlimited1921 set off with the following spells memorised:
                  | Foxfire, Scorch, Volatile Blastmotes, Inner Flame, Flame
                  | Wave.
     0 | D:1      | Reached XP level 1. HP: 15/15 MP: 0/0
   318 | D:1      | Reached XP level 2. HP: 20/21 MP: 0/0
  1549 | D:1      | Reached skill level 3 in Spellcasting
  1689 | D:1      | Reached XP level 3. HP: 22/25 MP: 0/0
  1689 | D:1      | Learned a level 1 spell: Slow
  2176 | D:2      | Found a faded altar of an unknown god.
  2294 | D:2      | Noticed Sigmund
  2298 | D:2      | Killed Sigmund
  2299 | D:2      | Reached skill level 4 in Spellcasting
  2299 | D:2      | Reached XP level 4. HP: 25/31 MP: 0/0
  2299 | D:2      | Reached XP level 5. HP: 28/35 MP: 0/0
  2299 | D:2      | Learned a level 2 spell: Momentum Strike
  2461 | D:2      | Reached XP level 6. HP: 38/40 MP: 0/0
  3533 | D:3      | Noticed an ogre
  4371 | D:3      | Killed an ogre
  4372 | D:3      | Reached skill level 5 in Spellcasting
  4882 | D:4      | Found Elucus's Magic Scroll Shop.
  5221 | D:4      | Reached XP level 7. HP: 37/45 MP: 0/0
  5221 | D:4      | Learned a level 2 spell: Searing Ray
  5266 | D:4      | Bought a scroll of identify for 28 gold pieces
  5266 | D:4      | Bought a scroll of blinking for 105 gold pieces
  5266 | D:4      | Bought a scroll of identify for 28 gold pieces
  5460 | D:4      | Found a sparkling altar of Nemelex Xobeh.
  5516 | D:4      | Found a runed translucent door.
  5517 | D:4      | Noticed Crazy Yiuf
  5841 | D:4      | Identified the ring "Potedauw" {Fly rCorr Str+3 SInv}
  6040 | D:5      | Entered Level 5 of the Dungeon
  6308 | D:5      | Reached skill level 6 in Spellcasting
  6416 | D:5      | Found a staircase to the Ecumenical Temple.
  6427 | D:5      | Reached XP level 8. HP: 44/50 MP: 0/0
  6635 | D:5      | Found a hazy altar of Hepliaklqana.
  6868 | D:5      | Found a faded altar of an unknown god.
  6870 | D:5      | Found a blossoming altar of Fedhas.
  6872 | D:5      | Found a faded altar of an unknown god.
  7405 | D:6      | Reached skill level 7 in Spellcasting
  8319 | D:6      | Reached XP level 9. HP: 38/55 MP: 0/0
  8319 | D:6      | Learned a level 4 spell: Animate Armour
  8440 | D:6      | Found a snail-covered altar of Cheibriados.
  8915 | D:7      | Reached skill level 8 in Spellcasting
  9107 | D:7      | Found a flagged portal.
  9122 | Bailey   | Entered a bailey
 10051 | Bailey   | Shot with a bolt by an orc warrior

Illustrated notes

Levels and vault maps discovered:
D:1:      dpeg_arrival_rhombus, layout_loops_ring, nrook_uturn
D:2:      layout_basic, nicolae_ecumenical_pavilion, minmay_misc_feat_cross,
          uniq_sigmund
D:3:      layout_rooms, hangedman_abyss_or_decor_stabs
D:4:      layout_cave_pools, nemelex_xobeh_ov_fountains_minmay, serial_shops,
          shop, uniq_crazy_yiuf_cottage
D:5:      layout_loops_ring, chequers_temple_overflow_minitemple,
          minmay_temple_entry_large_hall, serial_glass, glass_columns_b,
          glass_columns_c
D:6:      layout_basic, chei_slow_surprise, lemuel_flamethrower_2
D:7:      layout_loops_cross, enter_bailey_3, lightli_orcish_oven
Bailey:   bailey_polearm_2, bailey

Skill      XL: |  1  2  3  4  5  6  7  8  9 |
---------------+----------------------------+-----
Spellcasting   | 3 4 5 6 7 8 |  8.8
Stealth        | 2 3 |  3.5
Fighting       | |  0.2
Ranged Weapons | |  0.1
Dodging        | |  2.8

Action                     |  1- 3 |  4- 6 |  7- 9 || total
---------------------------+-------+-------+-------++-------
   Fire: Arbalest          |       |       |    14 ||    14
   Cast: Foxfire           |    65 |   107 |   106 ||   278
         Scorch            |     2 |       |    45 ||    47
         Inner Flame       |     1 |     4 |    23 ||    28
         Volatile Blastmot |       |       |     3 ||     3
         Animate Armour    |       |       |     2 ||     2
         Slow              |       |       |     1 ||     1
    Use: Scroll            |       |     6 |     3 ||     9
 Armour: Robe              |     1 |       |     2 ||     3
  Dodge: Dodged            |     2 |     1 |    27 ||    30
